 Dungeon Crawl Stone Soup version 0.30.1-3-gfc49f6343a (webtiles) character file.

Game seed: 14706658438210112840

25 monsoonserge the Chopper (level 2, -7/27 HPs)
             Began as a Minotaur Berserker on Aug 9, 2023.
             Was a Follower of Trog.
             Mangled by Terence
             ... wielding a +0 short sword of electrocution
              (13 damage)
             ... on level 2 of the Dungeon.
             The game lasted 00:01:44 (1046 turns).

monsoonserge the Chopper (Minotaur Berserker)       Turns: 1046, Time: 00:01:44

Health: -7/27      AC:  6    Str: 21    XL:     2   Next: 82%
Magic:  1/1        EV: 10    Int: 10    God:    Trog [*.....]
Gold:   102        SH:  0    Dex:  9    Spells: 1/1 levels left

rFire   . . .        f - +1 hand axe (freeze)
rCold   . . .        (no shield)
rNeg    . . .        k - +0 scale mail
rPois   .            (helmet restricted)
rElec   .            (no cloak)
rCorr   .            (no gloves)
SInv    .            (no boots)
Will    .....        (no amulet) Stlth
                     a - +6 ring of intelligence
HPRegen 0.24/turn    (no ring)
MPRegen 0.07/turn

%: no passive effects
@: no status effects
A: horns 2, retaliatory headbutt
a: Renounce Religion, Berserk


You were on level 2 of the Dungeon.
You worshipped Trog.
Trog was aware of your devotion.
You visited 1 branch of the dungeon, and saw 2 of its levels.

You collected 102 gold pieces.

Inventory:

Hand Weapons
 f - a +1 hand axe of freezing (weapon)
Missiles
 g - a throwing net (quivered)
Armour
 k - a +0 scale mail (worn)
Jewellery
 a - a +6 ring of intelligence (left hand)
Scrolls
 b - a scroll of fog {unknown}
 c - a scroll of identify {unknown}
 d - a scroll of teleportation {unknown}
 i - a scroll of enchant armour {unknown}
Potions
 e - a potion of cancellation {unknown}
 h - a potion of degeneration {unknown}
 j - a potion of might {unknown}


   Skills:
 + Level 4.0 Fighting
 + Level 4.0 Axes
 + Level 2.9 Armour
 + Level 2.6 Dodging


You had one spell level left.
You didn't know any spells.
Your spell library was empty.

Dungeon Overview and Level Annotations

Branches:
Dungeon (2/15)

Altars:

Annotations:
D:2 Terence


Innate Abilities, Weirdness & Mutations

You have a pair of horns on your head.
You reflexively headbutt those who attack you in melee.


Message History

You open the door.
There is an open door here.
A bat comes into view.
A hobgoblin comes into view.
The bat barely misses you. You furiously retaliate!
You headbutt the bat!
You kill the bat!
Trog accepts your kill.
You see here a bat corpse.
The hobgoblin barely misses you.
You closely miss the hobgoblin. Your headbutt misses the hobgoblin.
The hobgoblin barely misses you.
You hit the hobgoblin. You freeze the hobgoblin.
The hobgoblin is heavily wounded.
The hobgoblin hits you but does no damage.
You hit the hobgoblin. You freeze the hobgoblin.
You kill the hobgoblin!
Trog accepts your kill.
You see here a hobgoblin corpse.
You now have 102 gold pieces (gained 15).
A frilled lizard comes into view.
The frilled lizard hisses angrily.
The frilled lizard barely misses you. You furiously retaliate!
You headbutt the frilled lizard.
You kill the frilled lizard!
Trog accepts your kill. As you open the door, it creaks loudly!
A worm comes into view.
Found 3 gold pieces.
Terence the Incautious comes into view.
He is wielding a +0 short sword of electrocution and carrying a wand of roots (6).
There is an open door here.
You barely miss Terence. Terence hits you but does no damage.
You hit Terence but do no damage. Your headbutt misses Terence.
Terence hits you with a +0 short sword of electrocution.
You are electrocuted!!
Ouch! That really hurt!
* * * LOW HITPOINT WARNING * * *
You hit Terence but do no damage. Your headbutt misses Terence.
You hit the worm. You freeze the worm. Terence hits you but does no damage.
You are electrocuted!
You die...

#....... #............
####.### ............ ....
#........... ##.#
#.......... ...# ###
#........#+###..# #..
#........+......# #.#
#...@....#..#..####.#
#...@w...#..#.......#
#........#..#.#####.#
#...$....#..#..####.#
######'###...........
###########.........####.#
.............##..........#
############.######...#..#
#.# #######..# #..
.....<...#


You could see Terence and a worm.

Vanquished Creatures
  2 dart slugs
  2 bats (D:2)
  2 endoplasms (D:1)
  4 hobgoblins
  3 quokkas (D:2)
  2 ball pythons
  A frilled lizard (D:2)
  2 rats (D:1)
18 creatures vanquished.

Notes
Turn   | Place    | Note
-------+----------+-------------------------------------------
     0 | D:1      | monsoonserge the Minotaur Berserker began the quest for the
                  | Orb.
     0 | D:1      | Reached XP level 1. HP: 19/19 MP: 0/0
   198 | D:1      | Reached XP level 2. HP: 21/27 MP: 1/1
  1040 | D:2      | Noticed Terence
  1046 | D:2      | Mangled by Terence

Illustrated notes

Levels and vault maps discovered:
D:1:      beargit_arrival_diablo_church, layout_basic, nrook_uturn
D:2:      layout_basic, st_stairs_2, uniq_terence

Skill      XL: |  1  2 |
---------------+-------+-----
Fighting       | 4 |  4.0
Axes           | 4 |  4.0
Armour         | |  2.9
Dodging        | |  2.6

Action                     || total
---------------------------++-------
  Melee: Hand axe          ||    36
         Headbutt          ||     5
 Armour: Animal skin       ||     2
         Scale mail        ||     8
         Ring mail         ||     1
  Dodge: Dodged            ||    17
